 Dungeon Crawl Stone Soup version 0.26-a0-808-g930a2b7adc (webtiles) character file.

Game seed: 12581600648898278663

298 Morbidden the Skirmisher (level 6, -2/48 HPs)
             Began as a Demonspawn Fighter on Nov 12, 2020.
             Killed from afar by Sigmund (7 damage)
             ... with a puff of flame
             ... on level 3 of the Dungeon.
             The game lasted 00:02:52 (2301 turns).

Morbidden the Skirmisher (Demonspawn Fighter)       Turns: 2301, Time: 00:02:53

Health: -2/48      AC: 10    Str: 16    XL:     6   Next: 13%
Magic:  6/6        EV:  7    Int: 11    God:
Gold:   146        SH:  8    Dex:  9    Spells: 5/5 levels left

rFire    . . .     SeeInvis .   b - +0 dagger (venom)
rCold    . . .     Faith    .   c - +0 kite shield
rNeg     . . .     Spirit   .   k - +0 scale mail
rPois    .         Reflect  .   (helmet restricted)
rElec    .         Harm     .   j - +0 cloak
rCorr    .         Rampage  .   (no gloves)
MR       .....                  (no boots)
Stlth    ..........             (no amulet)
HPRegen  0.16/turn              h - -4 ring of dexterity (curse)
MPRegen  0.10/turn              (no ring)

@: no status effects
A: horns 1, slimy green scales 1, rot immunity
a: no special abilities


You were on level 3 of the Dungeon.
You visited 1 branch of the dungeon, and saw 3 of its levels.

You collected 146 gold pieces.

Inventory:

Hand Weapons
 a - a +0 long sword
 b - a +0 dagger of venom (weapon)
Missiles
 e - 12 poisoned darts (quivered)
Armour
 c - a +0 kite shield (worn)
 i - a +0 leather armour of poison resistance
 j - a +0 cloak (worn)
 k - a +0 scale mail (worn)
Jewellery
 h - a cursed -4 ring of dexterity (left hand)
Scrolls
 g - 2 scrolls of remove curse {unknown}
 l - a scroll of identify {unknown}
 m - 3 scrolls of enchant weapon {unknown}
Potions
 d - 2 potions of might
 f - a potion of curing {unknown}


   Skills:
 * Level 4.0 Fighting
 + Level 2.0(2.9) Short Blades
 * Level 3.2(3.5) Long Blades
 + Level 1.4 Throwing
 + Level 3.2 Armour
 + Level 0.6 Dodging
 + Level 3.4 Shields


You had 5 spell levels left.
You didn't know any spells.
Your spell library was empty.

Dungeon Overview and Level Annotations

Branches:
Dungeon (3/15)

Altars:
Makhleb

Annotations:
D:3 Sigmund


Innate Abilities, Weirdness & Mutations

You have a pair of small horns on your head.
You are partially covered in slimy green scales. (AC +2)
You are immune to rotting.


Message History

You miss something. You closely miss something. Something hits you.
Unknown command.
You barely miss something. You block something's attack.
You miss something. You hit something but do no damage.
You hear some strange, mumbled words.
A puff of flame appears from out of thin air!
The puff of flame hits you!
Your shield prevents you from hitting something.
You headbutt something.
You hear a zap.
A puff of flame appears from out of thin air!
The puff of flame hits you!
* * * LOW HITPOINT WARNING * * *
You hit something. You headbutt something.
You hear a zap.
A puff of flame appears from out of thin air!
The puff of flame hits you!
You die...

#§§.##≈.≈#......#.####
#§.#.(#.≈######.#.#
#≈.#..#.≈# ###.#.#
#≈.≈##..≈# #.†...#
#≈§.....≈# #.######
#≈§≈§§≈≈≈# #.#....# #
########## #.#.##†# .
#.########.#.##.####.
#>.{@..............#.
#.#############.##.#.
#.##... #.###..
###.###.. .........
###.###.# #. #.. ##.


There were no monsters in sight!

Vanquished Creatures
  A bullfrog (D:3)
  A scorpion (D:3)
  Crazy Yiuf (D:2)
  Natasha (D:3)
  4 adders
  An ufetubus (D:2)
  2 oozes
  5 dart slugs
  2 leopard geckos (D:1)
  2 orcs (D:3)
  2 giant cockroaches
  11 goblins
  12 hobgoblins
  4 jackals (D:2)
  A ball python (D:2)
  4 bats
  2 frilled lizards
  7 kobolds
  8 rats
71 creatures vanquished.

Notes
Turn   | Place    | Note
-------+----------+-------------------------------------------
     0 | D:1      | Morbidden the Demonspawn Fighter began the quest for the
                  | Orb.
     0 | D:1      | Reached XP level 1. HP: 18/18 MP: 1/1
   400 | D:1      | Gained mutation: You have a pair of small horns on your
                  | head. [demonic ancestry]
   400 | D:1      | Reached XP level 2. HP: 24/24 MP: 2/2
   817 | D:1      | Gained mutation: You are partially covered in slimy green
                  | scales. (AC +2) [demonic ancestry]
   817 | D:1      | Reached XP level 3. HP: 29/29 MP: 3/3
  1256 | D:2      | Gained mutation: You are immune to rotting. [demonic
                  | ancestry]
  1256 | D:2      | Reached XP level 4. HP: 35/35 MP: 4/4
  1354 | D:2      | Reached skill level 1 in Throwing
  1544 | D:2      | Found a runed translucent door.
  1545 | D:2      | Noticed Crazy Yiuf
  1649 | D:2      | Killed Crazy Yiuf
  1798 | D:3      | Reached XP level 5. HP: 42/42 MP: 5/5
  1805 | D:3      | Reached skill level 1 in Short Blades
  1957 | D:3      | Found a burning altar of Makhleb.
  2093 | D:3      | Reached skill level 4 in Fighting
  2093 | D:3      | Reached XP level 6. HP: 46/48 MP: 6/6
  2108 | D:3      | Noticed Natasha
  2118 | D:3      | Killed Natasha
  2273 | D:3      | Noticed Sigmund
  2301 | D:3      | Killed from afar by Sigmund

Illustrated notes

Levels and vault maps discovered:
D:1:      sevenhm_arrival_forest_fort_large_4, layout_loops_ring
D:2:      layout_basic, minmay_misc_feat_pillars, uniq_crazy_yiuf_cottage
D:3:      cheibrodos_helix_gallery, layout_basic, old_standard_altar,
          lemuel_round_altar, kennysheep_generic_room_7, uniq_natasha,
          uniq_sigmund

Skill      XL: |  1  2  3  4  5  6 |
---------------+-------------------+-----
Armour         | 3 |  3.2
Long Blades    | 2 3 |  3.2
Shields        | 3 |  3.4
Throwing       | 1 |  1.4
Short Blades   | 1 2 |  2.0
Fighting       | 4 |  4.0
Dodging        | |  0.6

Action                   |  1- 3 |  4- 6 || total
-------------------------+-------+-------++-------
Melee: Long sword        |    36 |       ||    36
       Dagger            |    67 |   135 ||   202
       Headbutt          |    11 |    19 ||    30
Throw: Dart              |    15 |    10 ||    25
Armor: Scale mail        |    54 |    52 ||   106
Dodge: Dodged            |    23 |    29 ||    52
Block: Kite shield       |    39 |    53 ||    92
       Rpst.: Long sword |     3 |       ||     3

Table legend: (Time is in decaauts)
 A = Elapsed time spent in this place.
 B = Non-inter-level travel time spent in this place.
 C = Inter-level travel time spent in this place.
 D = Time resting spent in this place.
 E = Time spent auto-exploring this place.
 F = Levels seen in this place.
 G = Mean time per level.
                   A        B        C        D        E       F      G
               +--------+--------+--------+--------+--------+-----+--------+
         Total |   2318 |   2267 |     51 |      0 |   1807 |   3 |  772.7 |
       Dungeon |   2318 |   2267 |     51 |      0 |   1807 |   3 |  772.7 |
               +--------+--------+--------+--------+--------+-----+--------+

Top non-repeatable levels by time:
     D:1: 1054 daAuts
     D:2: 762 daAuts
     D:3: 501 daAuts
